 Dungeon Crawl Stone Soup version 0.17-a0-1037-gbf358b4 (webtiles) character file.

52439 RobertPalmer the Carver (level 14, -27/138 HPs)
             Began as a Naga Chaos Knight on May 14, 2015.
             Annihilated by onwiheg's ghost (31 damage)
             ... on level 8 of the Lair of Beasts.
             The game lasted 01:16:30 (22738 turns).

RobertPalmer the Carver (Naga Chaos Knight)        Turns: 22738, Time: 01:16:30

Health: -27/138    AC: 14    Str: 17    XL:     14   Next: 64%
Magic:  23/23      EV: 12    Int: 14    God:    Xom [*.....]
Gold:   1347       SH: 17    Dex: 13    Spells: 0 memorised, 13 levels left

rFire  + . .     SeeInvis +     a - +5 scimitar (vamp) {!w}
rCold  x . .     Clarity  .     B - +1 troll leather armour {regen}
rNeg   . . .     SustAb   .     J - +0 large shield
rPois  +         Gourm    +     (helmet restricted)
rElec  +         Spirit   .     Q - +2 cloak {+Inv}
rCorr  .         Warding  .     f - +0 pair of gloves
rMut   .         Stasis   .     (no barding)
MR     +++..                    I - amulet of Mistrust {Gourm rElec MP+9}
Stlth  +++.......               s - ring "Roiffero" {MR+ Str+3}
                                A - ring of fire {rF+, rC-}

@: very slightly contaminated, slowed, very slow, extremely resistant to hostile
enchantments, fairly stealthy
A: horns 1, stinger 1, thin metallic scales 1, thin skeletal structure 1,
camouflage 1, see invisible, clumsy 2, deformed body, magic resistance 1, poison
resistance, slowness 2, slow metabolism 1, spit poison 2, constrict 1, AC +4
a: Spit Poison, Renounce Religion, Evoke Invisibility


You were on level 8 of the Lair of Beasts.
You worshipped Xom.
You were a special plaything of Xom.
You were very full.

You visited 3 branches of the dungeon, and saw 23 of its levels.
You also visited: Volcano.

You collected 2552 gold pieces.
You spent 1205 gold pieces at shops.

Inventory:

Hand weapons
 a - a +5 vampiric scimitar (weapon) {!w}
   (You bought it in a shop on level 4 of the Orcish Mines)
 b - a +3 scimitar of flaming
   (You took it off Erica on level 10 of the Dungeon)
Missiles
 k - 3 throwing nets {=f, !d}
 T - 8 curare-tipped needles
Armour
 f - a +0 pair of gloves (worn)
   (You found it on level 1 of the Dungeon)
 x - a fire dragon hide {rF++, rC-}
   (You found it in a volcano)
 B - a +1 troll leather armour (worn) {regen}
   (You found it on level 9 of the Dungeon)
 J - a +0 large shield (worn)
   (You found it on level 9 of the Dungeon)
 Q - a +2 cloak of invisibility (worn)
   (You took it off Crazy Yiuf on level 6 of the Dungeon)
Jewellery
 l - the ring of Ascent {Int+4 SInv Stlth+}
   (You bought it in a shop on level 4 of the Orcish Mines)

   [ring of intelligence]

   It affects your intelligence (+4).
   It lets you see invisible.
   It makes you more stealthy.
 n - an uncursed amulet of warding {Ward, rN+, !d}
   (You found it on level 1 of the Dungeon)
 s - the ring "Roiffero" (right hand) {MR+ Str+3}
   (You took it off an orc on level 5 of the Dungeon)

   [ring of protection from magic]

   It affects your strength (+3).
   It affects your resistance to hostile enchantments.
 v - a +3 ring of intelligence
   (You found it on level 8 of the Lair of Beasts)
 A - a ring of fire (left hand) {rF+, rC-}
   (You found it on level 5 of the Dungeon)
 I - the amulet of Mistrust (around neck) {Gourm rElec MP+9}
   (Xom gifted it to you on level 6 of the Dungeon)

   [amulet of the gourmand]

   It allows you to eat raw meat even when not hungry.
   It insulates you from electricity.
   It affects your magic capacity (+9).
Magical devices
 C - a wand of invisibility (2)
   (Xom gifted it to you on level 3 of the Dungeon)
 O - a wand of confusion (17)
   (You found it on level 7 of the Lair of Beasts)
Scrolls
 e - 5 scrolls of remove curse
 g - 3 scrolls of fog
 h - 2 scrolls of amnesia
 j - a scroll of recharging
 p - 4 scrolls of identify
Potions
 m - 3 potions of lignification {!q}
 o - 2 potions of might
 u - a potion of invisibility
 w - 2 potions of curing
 z - 2 potions of brilliance
 L - 2 potions of mutation {!q}
 M - a potion of flight
 N - 3 potions of cure mutation {!q}
 S - a potion of resistance
Books
 i - a book of Callings
   (You found it on level 5 of the Lair of Beasts)
 q - a book of Ice
   (You found it on level 2 of the Lair of Beasts)
 P - a book of Death
   (You found it in a volcano)
Miscellaneous
 K - a stone of tremors
   (Xom gifted it to you on level 4 of the Lair of Beasts)
Comestibles
 c - 18 bread rations {@e1}
 d - 4 slices of pizza
 r - 28 fruits
 F - a royal jelly
 G - 9 beef jerkies
 H - 8 meat rations {@e2}


   Skills:
 + Level 12.0 Fighting
 - Level 14.9 Long Blades
 - Level 1.5 Armour
 - Level 7.6 Dodging
 - Level 11.7 Shields


You had 13 spell levels left.
You didn't know any spells.

Dungeon Overview and Level Annotations

Branches:
Dungeon (11/15)            Temple (0/1) D:6            Lair (8/8) D:10
 Shoals (0/4) Lair:4        Snake (0/4) Lair:6        Slime (0/6) Lair:8
    Orc (4/4) D:9             Elf (0/3) Orc:3

Altars:
Ashenzari
Fedhas
Qazlal
Trog
Xom
The Shining One

Shops:
D:6 [(:   D:10 :   Orc:1 *   Orc:4 (}*:

Annotations:
D:5 1 runed door
D:10 Snorg
Lair:4 exclusion: oklob plant
Lair:8 onwiheg's ghost, powerful GrBe


Innate Abilities, Weirdness & Mutations

You cannot wear boots.
Your serpentine skin is tough (AC +4).
You have supernaturally acute eyesight.
Armour fits poorly on your strangely shaped body.
Your system is resistant to poisons.
You cover ground very slowly.
You have a slow metabolism.
You can spit poison.
You can use your snake-like lower body to constrict enemies.
You have a pair of small horns on your head.
Your tail ends in a poisonous barb.
You are partially covered in thin metallic scales (AC +2).
You have a somewhat thin skeletal structure (Dex +2, Stealth).
Your skin changes colour to match your surroundings (Stealth).
You are very clumsy. (Dex -4)
You are resistant to hostile enchantments.


Message History

Read which item? (? for menu, Esc to quit)
Okay, then.
Drink which item? (? for menu, Esc to quit)
You fade further into invisibility.
You block onwiheg's ghost's attack.
You regained 2 hp, and now have 72/138 hp.
Onwiheg's ghost hits you!!
* * * LOW HITPOINT WARNING * * *
The blink frog croaks.
The yak bellows!
The yak bellows!
You take 35 damage, and have 37/138 hp.
MASSIVE DAMAGE!!
You flicker back into view.
The blink frog gives a loud, deep croak!
You hear a loud, deep croak!
You block the blink frog's attack.
Onwiheg's ghost yells, "Who would have thought, even in death it is a pleasure to sever!"
You block onwiheg's ghost's attack. The yak closely misses you.
The blink frog hits you!
* * * LOW HITPOINT WARNING * * *
You take 11 damage, and have 26/138 hp.
Unknown command.
The blink frog barely misses you.
The blink frog blinks!
The blink frog hits you!
* * * LOW HITPOINT WARNING * * *
The blink frog blinks! x2
You take 15 damage, and have 11/138 hp.
Unknown command.
Read which item? (? for menu, Esc to quit)
Okay, then.
Drink which item? (? for menu, Esc to quit)
Okay, then.
Okay, then.
Unknown command.
Unknown command.
Unknown command.
Read which item? (? for menu, Esc to quit)
Really read
t - a scroll of holy word {!r}?
As you read the scroll of holy word {!r}, it crumbles to dust.
You speak a Word of immense power!
Onwiheg's ghost convulses!
You block the yak's attack. Onwiheg's ghost misses you.
The blink frog blinks!
You block the yak's attack.
Read which item? (? for menu, Esc to quit)
Okay, then.
Drink which item? (? for menu, Esc to quit)
Okay, then.
Okay, then.
Read which item? (? for menu, Esc to quit)
Okay, then.
You block the yak's attack. The yak gores you but does no damage.
You block onwiheg's ghost's attack.
The blink frog hits you but does no damage.
The yak gores you but does no damage. The yak barely misses you.
Onwiheg's ghost shouts, "You must not fail where I succeeded!"
Onwiheg's ghost hits you but does no damage.
You block the yak's attack. The blink frog closely misses you.
The yak misses you. The yak gores you but does no damage.
The river rat misses you.
You regained 2 hp, and now have 14/138 hp.
Unknown command.
You slash the river rat!
You kill the river rat!
The yak gores you but does no damage. The blink frog completely misses you.
The yak gores you.
* * * LOW HITPOINT WARNING * * *
Onwiheg's ghost is lost in a daze.
The yak barely misses you. The yak gores you but does no damage.
You take 4 damage, and have 10/138 hp.
Unknown command.
The yak misses you. The blink frog hits you.
* * * LOW HITPOINT WARNING * * *
The yak gores you.
* * * LOW HITPOINT WARNING * * *
You block the yak's attack.
The blink frog hits you but does no damage.
Onwiheg's ghost is lost in a daze.
You block the blink frog's attack. You block the yak's attack.
You take 1 damage, and have 9/138 hp.
Unknown command.
Read which item? (? for menu, Esc to quit)
Okay, then.
The blink frog blinks!
You block the blink frog's attack. You block onwiheg's ghost's attack.
The yak barely misses you. You block the blink frog's attack.
The yak barely misses you.
You regained 2 hp, and now have 11/138 hp.
Onwiheg's ghost is no longer dazed.
The blink frog blinks!
You block the blink frog's attack. x2
The yak gores you.
* * * LOW HITPOINT WARNING * * *
You block the blink frog's attack. The yak barely misses you.
You take 5 damage, and have 6/138 hp.
You block onwiheg's ghost's attack. You block the blink frog's attack.
The yak barely misses you. The yak misses you. You block the yak's attack.
The blink frog blinks!
You regained 2 hp, and now have 8/138 hp.
The blink frog blinks!
You block the yak's attack. The yak gores you.
* * * LOW HITPOINT WARNING * * *
Onwiheg's ghost yells, "Who would have thought, even in death it is a pleasure to sever!"
Onwiheg's ghost hits you!!
You die...
Xom thinks this is hilarious!

##..........≈.≈≈..P.≈((,,,,,,,*
#.#...F.(....≈...≈..[..,≈,,,,,*
##.....................,,,,,*,*
#........P....(......,,*,*,****
##..#.#.............*,***,**
####..#####........##*** ***
#.##.#.# #.........# *#§....#
##...YYW...#
#....####....Y@Yw..#** ##P.(#
#......F....#,* #...#
##...........#* ###W.##
###...§.....#*
#.....####.F.........#
#PP....#.............#
#.P..P##...........###
#...######..........,*
###.#######.........**


You could see a torpor snail, 4 yaks, 2 blink frogs and onwiheg's ghost.

Vanquished Creatures
  A fire dragon (Volcano)
  Harold (Lair:4)
  4 hydras
  Erica (D:10)
  3 death yaks (Lair:5)
  3 orc high priests (Orc:4)
  A queen ant (Lair:6)
  Urug (Lair:4)
  The ghost of imraulkays the Fighter, an experienced GrBe of Trog (D:8)
  2 griffons
  3 orc knights (Orc:4)
  3 black mambas
  An octopode (Lair:2)
  Maurice (D:10)
  13 spiny frogs
  A torpor snail (Lair:8)
  4 komodo dragons
  3 trolls
  2 fire drakes
  A fire vortex (D:6)
  A merfolk (Lair:4)
  4 polar bears
  Grinder (D:3)
  A wind drake (shapeshifter) (Lair:8)
  A boulder beetle (Lair:7)
  A raven (Lair:8)
  20 blink frogs
  A wyvern (D:10)
  A spriggan (D:8)
  2 basilisks
  19 yaks
  13 hippogriffs
  2 mottled dragons (Volcano)
  4 fire bats (Volcano)
  2 steam dragons
  2 vampire mosquitoes (Lair:8)
  A warg (Orc:1)
  A soldier ant (D:10)
  16 wolves
  20 water moccasins
  4 nagas (Lair:6)
  10 porcupines
  4 sky beasts
  6 black bears
  A hell hound (Volcano)
  An eye of draining (D:8)
  3 ice beasts
  A phantom (D:9)
  28 orc warriors
  7 ogres
  A wasp (D:9)
  8 centaurs
  11 crocodiles
  26 giant frogs
  2 water moccasin skeletons
  19 wights
  3 killer bees
  An electric eel (Lair:8)
  5 quasits
  6 crimson imps
  A giant frog zombie (D:7)
  5 hounds
  23 orc wizards
  2 jellies
  Crazy Yiuf (D:6)
  2 giant frog skeletons
  A gnoll shaman (D:4)
  4 iron imps
  A centaur skeleton (D:4)
  8 hell rats
  32 orc priests
  19 worker ants
  5 sheep (Lair:7)
  7 iguanas
  3 hound skeletons
  10 gnolls
  74 river rats
  A white imp (D:8)
  3 shadow imps
  8 adders
  An ufetubus (Lair:6)
  An ooze (D:1)
  3 adder skeletons
  An adder zombie (D:8)
  3 worms
  2 giant geckos
  133 orcs
  13 bats
  A bat skeleton (D:8)
  3 giant cockroaches
  18 goblins
  14 hobgoblins
  9 jackals
  11 kobolds
  4 quokkas
  4 giant newts
  2 quokka skeletons
  2 quokka zombies (D:6)
  21 rats
  A fungus (Lair:3)
767 creatures vanquished.

Vanquished Creatures (collateral kills)
  3 death yaks (Lair:5)
  2 orc high priests (Orc:4)
  Duvessa (D:5)
  3 orc warriors
  A wasp (D:9)
  Dowan (D:5)
  A worker ant (D:8)
  A hound skeleton (D:8)
  4 orcs
17 creatures vanquished.

Vanquished Creatures (others)
  A ball lightning (Lair:3)
  A mottled dragon (Volcano)
  A wolf (Lair:6)
  A giant frog (Lair:8)
  2 quasits
  2 crimson imps
  3 iron imps
  4 river rats
  A shadow imp (Lair:5)
  2 white imps (Lair:5)
  4 ufetubi
  An orc (Orc:4)
  A fungus (Lair:7)
  3 plants
27 creatures vanquished.

Grand Total: 811 creatures vanquished

Notes
Turn   | Place    | Note
--------------------------------------------------------------
     0 | D:1      | RobertPalmer the Naga Chaos Knight began the quest for the Orb.
     0 | D:1      | Reached XP level 1. HP: 21/21 MP: 1/1
   102 | D:1      | Reached XP level 2. HP: 24/28 MP: 2/2
   107 | D:1      | XOM: harmless Pois miscast
   508 | D:1      | Reached skill level 4 in Long Blades
   777 | D:2      | Reached XP level 3. HP: 29/34 MP: 3/3
  1111 | D:2      | XOM: vitrification
  1167 | D:2      | Reached XP level 4. HP: 27/42 MP: 4/4
  1180 | D:2      | XOM: scenery: create altars
  1195 | D:2      | Reached skill level 1 in Shields
  1319 | D:2      | XOM: smoke on damage
  1444 | D:2      | XOM: god gift: 36 gold pieces
  1732 | D:3      | Noticed Grinder
  1734 | D:3      | Paralysed by Grinder for 7 turns
  1746 | D:3      | XOM: confuse monster(s)
  1752 | D:3      | Killed Grinder
  1752 | D:3      | Reached skill level 4 in Shields
  1752 | D:3      | Reached XP level 5. HP: 49/49 MP: 5/5
  1752 | D:3      | Reached XP level 6. HP: 56/56 MP: 6/6
  1939 | D:3      | XOM: vitrification
  2121 | D:3      | You fall through a shaft for 3 floors!
  2121 | D:6      | Found Viebirup's Antique Weapon Shop.
  2128 | D:5      | Entered Level 5 of the Dungeon
  2241 | D:5      | XOM: divine lightning (protected)
  2362 | D:4      | Reached skill level 5 in Long Blades
  2379 | D:4      | XOM: vitrification
  2480 | D:4      | Found a bloodstained altar of Trog.
  2585 | D:3      | XOM: god gift: lead wand {god gift}
  2625 | D:3      | XOM: harmless Divn miscast
  2642 | D:3      | Reached XP level 7. HP: 43/62 MP: 7/7
  2688 | D:3      | Found a blossoming altar of Fedhas.
  2702 | D:3      | XOM: mild Necr miscast
  2939 | D:4      | XOM: noise
  2943 | D:4      | Reached skill level 6 in Long Blades
  2982 | D:4      | XOM: smoke on damage
  3005 | D:4      | XOM: divination: detect items
  3045 | D:4      | XOM: harmless Fire miscast
  3162 | D:4      | Found a stormy altar of Qazlal.
  3172 | D:4      | XOM: silly message
  3565 | D:4      | XOM: cast spell 'Spider Form'
  3777 | D:5      | XOM: confuse monster(s)
  3787 | D:5      | Reached skill level 7 in Long Blades
  3975 | D:5      | Found a runed door.
  3976 | D:5      | Found a glowing golden altar of the Shining One.
  3976 | D:5      | Noticed an angel
  4171 | D:5      | XOM: colour smoke trail
  4273 | D:5      | XOM: divination: detect creatures
  4277 | D:5      | XOM: silly message
  4354 | D:5      | Noticed Duvessa
  4455 | D:5      | Noticed Dowan
  4458 | D:5      | XOM: enchant monster (bad)
  4477 | D:5      | XOM: cast spell 'Stoneskin'
  4478 | D:5      | XOM: cast spell 'Summon Swarm'
  4488 | D:5      | Killed Dowan
  4488 | D:5      | Reached XP level 8. HP: 58/69 MP: 8/8
  4490 | D:5      | Killed Duvessa
  4490 | D:5      | Reached skill level 8 in Long Blades
  4502 | D:5      | Got a bound lead ring
  4677 | D:5      | XOM: colour smoke trail
  4777 | D:5      | XOM: summons 4 hostile demons
  4786 | D:5      | XOM: silly message
  4943 | D:5      | XOM: silly message
  5029 | D:6      | Found a staircase to the Ecumenical Temple.
  5036 | D:6      | Noticed an angel
  5126 | D:6      | XOM: 1-stop teleportation journey
  5170 | D:6      | XOM: god gift: sparkling copper amulet {god gift}
  5171 | D:6      | Got a sparkling copper amulet {god gift}
  5175 | D:6      | Identified the ring "Roiffero" {MR+ Str+3} (You took it off an orc on level 5 of the Dungeon)
  5177 | D:6      | Identified the amulet of Mistrust {Gourm rElec MP+9} (Xom gifted it to you on level 6 of the Dungeon)
  5244 | D:6      | XOM: mild Fire miscast
  5245 | D:6      | Noticed a fire vortex
  5247 | D:6      | Killed a fire vortex
  5368 | D:6      | Reached skill level 9 in Long Blades
  5473 | D:6      | Noticed a rust devil
  5518 | D:6      | XOM: confusion (+ monsters)
  5529 | D:6      | XOM: confusion
  5601 | D:6      | Found Felain's Armour Boutique.
  5604 | D:6      | Bought a +0 helmet for 63 gold pieces
  5604 | D:6      | Bought the +1 leather armour of Joy {Regen+} for 196 gold pieces
  5632 | D:6      | Noticed Crazy Yiuf
  5636 | D:6      | Killed Crazy Yiuf
  5695 | D:6      | Reached skill level 10 in Long Blades
  5715 | D:6      | Found Otrug's Book Emporium.
  5739 | D:6      | Found a shattered altar of Ashenzari.
  5875 | D:7      | Reached XP level 9. HP: 69/75 MP: 9/9
  6174 | D:7      | Got a fine ring mail
  6273 | D:7      | XOM: medium Hex miscast
  6812 | D:7      | Reached skill level 11 in Long Blades
  6860 | D:8      | XOM: mild Erth miscast
  6955 | D:8      | Noticed imraulkays's ghost (experienced GrBe)
  6955 | D:8      | XOM: enchant monster (bad)
  6980 | D:8      | XOM: summons friendly quasit
  6986 | D:8      | XOM: harmless Chrm miscast
  6990 | D:8      | XOM: divination: magic mapping
  7023 | D:8      | XOM: give mutation
  7023 | D:8      | XOM: 2-stop teleportation journey
  7120 | D:8      | XOM: summons 5 friendly demons
  7146 | D:8      | Killed imraulkays's ghost
  7146 | D:8      | Reached skill level 12 in Long Blades
  7172 | D:8      | Reached skill level 2 in Dodging
  7197 | D:8      | Identified the +0 ring mail "Seqiv" {rPois rC+ Str-3} (You found it on level 7 of the Dungeon)
  7322 | D:8      | XOM: 2-stop teleportation journey
  7469 | D:8      | Reached skill level 3 in Dodging
  7651 | D:8      | Reached XP level 10. HP: 84/84 MP: 0/10
  7748 | D:8      | Reached skill level 4 in Dodging
  7836 | D:8      | XOM: medium Necr miscast
  8062 | D:8      | XOM: polymorph worker ant -> gnoll
  8068 | D:8      | XOM: summons 2 hostile demons
  8524 | D:9      | XOM: god gift: 48 gold pieces
  8597 | D:9      | XOM: divination: detect items
  8656 | D:9      | XOM: mild Divn miscast
  8672 | D:9      | XOM: summons 4 hostile shadow creatures
  8694 | D:9      | Reached skill level 5 in Dodging
  8731 | D:9      | XOM: god gift: 32 gold pieces
  8803 | D:9      | XOM: give mutations
  8803 | D:9      | Gained mutation: You are partially covered in thin metallic scales (AC +2). [Xom's grace]
  8803 | D:9      | Gained mutation: Your skin changes colour to match your surroundings (Stealth). [Xom's grace]
  8823 | D:9      | XOM: give mutations
  8823 | D:9      | Gained mutation: Your tail ends in a poisonous barb. [Xom's grace]
  8823 | D:9      | Gained mutation: You have a somewhat thin skeletal structure (Dex +2, Stealth). [Xom's grace]
  8823 | D:9      | Gained mutation: You have a pair of small horns on your head. [Xom's grace]
  8823 | D:9      | Gained mutation: You are resistant to hostile enchantments. [Xom's grace]
  9009 | D:9      | Found a staircase to the Orcish Mines.
  9112 | D:9      | XOM: potion effect (might)
  9157 | D:9      | Reached skill level 6 in Dodging
  9327 | D:9      | XOM: fog
  9425 | D:9      | XOM: summons friendly blue devil
  9652 | D:9      | XOM: vitrification
  9668 | D:10     | Entered Level 10 of the Dungeon
  9687 | D:10     | XOM: divination: detect items
  9693 | D:10     | XOM: harmless Air miscast
  9803 | D:10     | XOM: mild Necr miscast
  9913 | D:10     | Noticed Snorg
  9959 | D:10     | Found a staircase to the Lair.
  9985 | D:10     | Reached skill level 5 in Shields
 10018 | D:10     | XOM: noise
 10038 | D:10     | Reached skill level 6 in Shields
 10132 | D:10     | XOM: divination: detect creatures
 10135 | D:10     | Reached XP level 11. HP: 89/89 MP: 11/11
 10174 | D:10     | Reached skill level 7 in Shields
 10526 | D:10     | Found Lasisoczo's Book Boutique.
 10553 | D:10     | Noticed Maurice
 10560 | D:10     | XOM: harmless Air miscast
 10579 | D:10     | Killed Maurice
 10841 | Lair:1   | Entered Level 1 of the Lair of Beasts
 10894 | Lair:1   | XOM: harmless Summ miscast
 10900 | Lair:1   | Reached skill level 8 in Shields
 10911 | Lair:1   | XOM: harmless Pois miscast
 10913 | Lair:1   | XOM: polymorph river rat -> giant newt
 10925 | Lair:1   | XOM: enchant monster (bad)
 11353 | Orc:1    | Entered Level 1 of the Orcish Mines
 11418 | Orc:1    | XOM: noise
 11424 | Orc:1    | Found Pieciwn's Assorted Antiques.
 11457 | Orc:1    | Bought a spiked leather armour for 175 gold pieces
 11457 | Orc:1    | Identified the cursed +1 leather armour "Jolarph Taere" {*Corrode +Blink Int+3} (You bought it in a shop on level 1 of the Orcish Mines)
 11482 | Orc:1    | XOM: harmless Necr miscast
 11730 | Orc:2    | XOM: harmless Pois miscast
 12039 | Orc:3    | XOM: divination: magic mapping
 12083 | Orc:3    | Found a staircase to the Elven Halls.
 12525 | Orc:3    | XOM: confuse monster(s)
 12558 | Orc:3    | XOM: cast spell 'Confusing Touch'
 12613 | Orc:4    | Entered Level 4 of the Orcish Mines
 12988 | Orc:4    | XOM: potion effect (heal wounds)
 13171 | Orc:4    | Reached skill level 9 in Shields
 13389 | Orc:4    | XOM: enchant monster (good)
 13396 | Orc:4    | XOM: potion effect (agility)
 13561 | Orc:4    | Noticed an orc knight
 13581 | Orc:4    | Noticed an orc high priest
 13594 | Orc:4    | Killed an orc high priest
 13594 | Orc:4    | XOM: enchant monster (good)
 13602 | Orc:4    | Killed an orc knight
 13602 | Orc:4    | Reached skill level 10 in Shields
 13815 | Orc:4    | XOM: colour smoke trail
 13843 | Orc:4    | Noticed an orc knight
 13844 | Orc:4    | Noticed an orc high priest
 13844 | Orc:4    | Noticed an orc knight
 13846 | Orc:4    | Noticed an orc high priest
 13849 | Orc:4    | XOM: summons friendly iron imp
 13966 | Orc:4    | XOM: potion effect (brilliance)
 13972 | Orc:4    | Reached XP level 12. HP: 78/97 MP: 12/12
 14075 | Orc:4    | XOM: divination: magic mapping
 14166 | Orc:4    | Killed an orc knight
 14179 | Orc:4    | XOM: potion effect (might)
 14187 | Orc:4    | Killed an orc knight
 14292 | Orc:4    | XOM: silly message
 14367 | Orc:4    | Reached skill level 11 in Shields
 14479 | Orc:4    | XOM: smoke on damage
 14735 | Orc:4    | XOM: divination: detect creatures
 14776 | Orc:4    | XOM: cast spell 'Warp Weapon'
 14919 | Orc:4    | XOM: summons friendly ufetubus
 14920 | Orc:4    | Killed an orc high priest
 14920 | Orc:4    | XOM: cast spell 'Stoneskin'
 15016 | Orc:4    | XOM: summons friendly ufetubus
 15028 | Orc:4    | Killed an orc high priest
 15126 | Orc:4    | XOM: harmless Ice miscast
 15173 | Orc:4    | Noticed an orc high priest
 15173 | Orc:4    | Noticed an orc high priest
 15174 | Orc:4    | Found Bocriynn's Assorted Antiques.
 15175 | Orc:4    | Found Nofissug's Gadget Shop.
 15175 | Orc:4    | Found Deym's Antique Weapon Boutique.
 15177 | Orc:4    | XOM: summons friendly crimson imp
 15179 | Orc:4    | XOM: summons 3 friendly demons
 15182 | Orc:4    | XOM: cast spell 'Confusing Touch'
 15198 | Orc:4    | Found Jeapreh's Book Boutique.
 15199 | Orc:4    | Killed an orc high priest
 15210 | Orc:4    | Killed an orc high priest
 15219 | Orc:4    | Bought a glowing scimitar for 128 gold pieces
 15220 | Orc:4    | Bought a crude silver ring for 195 gold pieces
 15220 | Orc:4    | Bought a scroll of identify for 78 gold pieces
 15220 | Orc:4    | Bought a scroll of identify for 78 gold pieces
 15220 | Orc:4    | Bought a scroll of blinking for 292 gold pieces
 15235 | Orc:4    | Identified the ring of Ascent {Int+4 SInv Stlth+} (You bought it in a shop on level 4 of the Orcish Mines)
 15611 | D:10     | Reached skill level 7 in Dodging
 15619 | D:11     | Noticed Erica
 15636 | D:10     | Killed Erica
 15691 | Lair:1   | XOM: fake destruction
 15763 | Lair:1   | XOM: enchant monster (good)
 16132 | Lair:2   | XOM: mild Chrm miscast
 16149 | Lair:2   | XOM: harmless Divn miscast
 16427 | Lair:2   | XOM: blink monster(s)
 16781 | Lair:2   | Reached skill level 13 in Long Blades
 16783 | Lair:2   | XOM: polymorph polar bear -> octopode
 16789 | Lair:2   | XOM: chaos cloud
 16803 | Lair:2   | XOM: blink monster(s)
 16838 | Lair:2   | Gained mutation: You can use your snake-like lower body to constrict enemies. [Naga growth]
 16838 | Lair:2   | Reached XP level 13. HP: 103/103 MP: 13/13
 16961 | Lair:2   | XOM: colour smoke trail
 17023 | Lair:3   | XOM: severe Air miscast
 17078 | Lair:3   | XOM: chaos cloud
 17091 | Lair:3   | XOM: enchant monster (bad)
 17096 | Lair:3   | XOM: repel stairs
 17548 | Lair:4   | Found a staircase to the Shoals.
 17554 | Lair:4   | Reached skill level 14 in Long Blades
 17627 | Lair:4   | Noticed Harold
 17642 | Lair:4   | Killed Harold
 17698 | Lair:4   | XOM: 2-stop teleportation journey
 18057 | Lair:4   | You fall through a shaft for 2 floors!
 18222 | Lair:6   | XOM: medium Trmt miscast
 18233 | Lair:6   | XOM: mild Conj miscast
 18237 | Lair:6   | XOM: severe Pois miscast
 18238 | Lair:6   | XOM: enchant monster (bad)
 18282 | Lair:6   | XOM: summons 6 hostile demons
 18336 | Lair:6   | XOM: potion effect (berserk rage)
 18611 | Lair:6   | Found a staircase to the Snake Pit.
 18867 | Lair:6   | XOM: harmless Chrm miscast
 19839 | Lair:5   | XOM: fog
 19842 | Lair:5   | XOM: summons 6 friendly demons
 19853 | Lair:5   | Reached skill level 4 in Fighting
 19861 | Lair:5   | Reached skill level 5 in Fighting
 19865 | Lair:5   | XOM: swap monsters
 19871 | Lair:5   | XOM: 6-stop teleportation journey
 19874 | Lair:5   | XOM: summons 13 friendly demons
 19974 | Lair:5   | Reached skill level 6 in Fighting
 20219 | Lair:4   | XOM: vitrification
 20232 | Lair:4   | Noticed Urug
 20244 | Lair:4   | Killed Urug
 20252 | Lair:4   | XOM: give mutation
 20252 | Lair:4   | Gained mutation: You are resistant to electric shocks. [Xom's grace]
 20395 | Lair:4   | XOM: god gift: stone of tremors
 20587 | Lair:4   | XOM: god gift: potion of haste
 20604 | Lair:4   | Reached skill level 7 in Fighting
 20732 | Lair:4   | XOM: god gift: 29 gold pieces
 20816 | Lair:4   | XOM: cast spell 'Spider Form'
 20962 | Lair:7   | XOM: snakes to sticks
 20964 | Lair:7   | XOM: confuse monster(s)
 20979 | Lair:7   | XOM: chaos cloud
 21000 | Lair:7   | XOM: destruction
 21001 | Lair:7   | XOM: blink monster(s)
 21008 | Lair:7   | Reached skill level 8 in Fighting
 21019 | Lair:7   | Reached XP level 14. HP: 106/126 MP: 14/14
 21135 | Lair:7   | XOM: chaos cloud
 21143 | Lair:7   | Paralysed by you for 4 turns
 21215 | Lair:7   | XOM: noise
 21227 | Lair:7   | Got a steaming chain mail
 21263 | Lair:7   | Reached skill level 9 in Fighting
 21564 | Lair:7   | HP: 20/130 [boulder beetle (37)]
 21692 | Lair:7   | Reached skill level 10 in Fighting
 21724 | Lair:7   | Identified the +5 chain mail of Disaster {rPois rC+ rN+ Str-3} (You found it on level 7 of the Lair of Beasts)
 22281 | Lair:8   | Entered Level 8 of the Lair of Beasts
 22281 | Lair:8   | Found a staircase to the Slime Pits.
 22297 | Lair:8   | XOM: noise
 22312 | Lair:8   | XOM: confusion
 22326 | Lair:8   | XOM: medium Conj miscast
 22329 | Lair:8   | XOM: chaos cloud
 22344 | Lair:8   | XOM: enchant monster (bad)
 22378 | Lair:8   | Reached skill level 11 in Fighting
 22382 | Lair:8   | XOM: enchant monster (good)
 22395 | Lair:8   | Found a dark tunnel.
 22410 | Lair:8   | XOM: blink monster(s)
 22436 | Volcano  | Entered a volcano
 22484 | Volcano  | XOM: give mutations
 22484 | Volcano  | Lost mutation: You are resistant to electric shocks. [Xom's mischief]
 22484 | Volcano  | Gained mutation: You are clumsy. (Dex -2) [Xom's mischief]
 22484 | Volcano  | Gained mutation: You are very clumsy. (Dex -4) [Xom's mischief]
 22646 | Lair:8   | XOM: swap monsters
 22671 | Lair:8   | Noticed onwiheg's ghost (powerful GrBe)
 22671 | Lair:8   | XOM: confuse monster(s)
 22694 | Lair:8   | XOM: polymorph water moccasin -> raven
 22713 | Lair:8   | Reached skill level 12 in Fighting
 22725 | Lair:8   | XOM: silly message
 22729 | Lair:8   | HP: 26/138 [blink frog (13)]
 22730 | Lair:8   | HP: 11/138 [blink frog (16)]
 22736 | Lair:8   | HP: 6/138 [yak[a torpor snail] (6)]
 22738 | Lair:8   | Annihilated by onwiheg's ghost

Vault maps used:
D:1:      dpeg_arrival_tiny_a
D:3:      fedhas_altar_4, uniq_grinder
D:4:      bloody_trog, kennysheep_little_box
D:5:      first_bread, hex_medium, lemuel_angel_altar, uniq_duvessa
D:6:      kennysheep_mini_moat, temple_garden, serial_shops, shop, shop,
          nicolae_shop_behind_doors, uniq_crazy_yiuf_cottage
D:8:      minmay_hedge_maze, the_bakery, grunt_ministairs_3, minivault_23
D:9:      erik_orc_3, nrook_mini_vaults, grunt_ministairs_3
D:10:     minmay_lair_entry_lava, serial_shops, shop, nooodl_food_tri,
          uniq_snorg, uniq_maurice
D:11:     hangedman_decor_peaks_small, uniq_nergalle, uniq_erica
Lair:1:   kennysheep_abandoned_house, lemuel_fruit_tree
Lair:2:   beast_lair_carwin_large_1
Lair:4:   minmay_lair_oklob_items, minmay_shoals_entry_centaurs, uniq_harold,
          uniq_urug
Lair:6:   minmay_snake_entry_guardpost_small, cheibrodos_lair_caveside_slide,
          minmay_another_anthill
Lair:7:   serial_bayou_shore_b, grunt_megastairs_3
Lair:8:   minmay_lair_end_frog_pond, slime_dummy,
          lightli_volcano_entry_magma_tube
Orc:1:    serial_shops, nicolae_shop_trees, shop, uniq_fannar
Orc:3:    nicolae_orc_accident_3, nicolae_orc_pool_cavern
Orc:4:    st_orc_pillars
Volcano:  volcano_caves

Action                   |  1- 3 |  4- 6 |  7- 9 | 10-12 | 13-15 || total
-------------------------+-------+-------+-------+-------+-------++-------
Melee: Falchion          |   120 |   138 |   472 |       |       ||   730
       Scimitar          |       |       |    43 |  1372 |   773 ||  2188
       Short sword       |       |       |       |    38 |       ||    38
       Unarmed           |       |       |       |       |     9 ||     9
Throw: Throwing net      |       |       |       |       |     2 ||     2
 Abil: Spit Poison       |     4 |     5 |    25 |    94 |     7 ||   135
Evoke: Wand              |       |     1 |     3 |    16 |     3 ||    23
  Use: Potion            |       |     1 |     6 |    13 |     6 ||    26
       Scroll            |       |     8 |    12 |    11 |    13 ||    44
 Stab: Confused          |     1 |     1 |     1 |       |     8 ||    11
       Sleeping          |       |     1 |     2 |    17 |    12 ||    32
       Invisible         |       |     1 |     1 |     6 |     4 ||    12
       Distracted        |       |       |     4 |     3 |     1 ||     8
       Paralysed         |       |       |    16 |     1 |     5 ||    22
       Held in net/web   |       |       |       |       |     2 ||     2
       Petrifying        |       |       |       |       |     1 ||     1
       Petrified         |       |       |       |       |     1 ||     1
  Eat: Chunk             |     1 |     4 |    14 |    49 |    35 ||   103
       Meat ration       |       |       |     1 |       |       ||     1
       Royal jelly       |       |       |       |     1 |       ||     1

Vault maps used:
D:1:      dpeg_arrival_tiny_a
D:3:      fedhas_altar_4, uniq_grinder
D:4:      bloody_trog, kennysheep_little_box
D:5:      first_bread, hex_medium, lemuel_angel_altar, uniq_duvessa
D:6:      kennysheep_mini_moat, temple_garden, serial_shops, shop, shop,
          nicolae_shop_behind_doors, uniq_crazy_yiuf_cottage
D:8:      minmay_hedge_maze, the_bakery, grunt_ministairs_3, minivault_23
D:9:      erik_orc_3, nrook_mini_vaults, grunt_ministairs_3
D:10:     minmay_lair_entry_lava, serial_shops, shop, nooodl_food_tri,
          uniq_snorg, uniq_maurice
D:11:     hangedman_decor_peaks_small, uniq_nergalle, uniq_erica
Lair:1:   kennysheep_abandoned_house, lemuel_fruit_tree
Lair:2:   beast_lair_carwin_large_1
Lair:4:   minmay_lair_oklob_items, minmay_shoals_entry_centaurs, uniq_harold,
          uniq_urug
Lair:6:   minmay_snake_entry_guardpost_small, cheibrodos_lair_caveside_slide,
          minmay_another_anthill
Lair:7:   serial_bayou_shore_b, grunt_megastairs_3
Lair:8:   minmay_lair_end_frog_pond, slime_dummy,
          lightli_volcano_entry_magma_tube
Orc:1:    serial_shops, nicolae_shop_trees, shop, uniq_fannar
Orc:3:    nicolae_orc_accident_3, nicolae_orc_pool_cavern
Orc:4:    st_orc_pillars
Volcano:  volcano_caves

Table legend:
 A = Turns spent in this place as a percentage of turns spent in the entire game.
 B = Non-inter-level travel turns spent in this place as a percentage of non-inter-level travel turns spent in the entire game.
 C = Inter-level travel turns spent in this place as a percentage of turns spent in this place.
 D = Turns resting spent in this place as a percentage of non-inter-level travel turns spent in this place.
 E = Turns spent auto-exploring this place as a percentage of non-inter-level travel turns spent in this place.
 F = Non-inter-level travel turns spent in this place divided by the number of levels of this place that you've seen.
                   A       B       C       D       E      F
               +-------+-------+-------+-------+-------+----------------------
         Total | 100.0 | 100.0 |   0.5 |   1.7 |   7.0 | 393.0
       Dungeon |  41.5 |  41.5 |   0.6 |   1.4 |   8.6 | 355.5
          Lair |  34.9 |  35.0 |   0.5 |   0.5 |   6.9 | 412.2
  Orcish Mines |  22.6 |  22.6 |   0.5 |   4.4 |   4.6 | 532.0
       Volcano |   1.0 |   1.0 |   0.0 |   0.0 |   0.0 |  94.0
               +-------+-------+-------+-------+-------+----------------------

Table legend:
 A = Kills in this place as a percentage of kills in entire the game.
 B = Kills by you in this place as a percentage of kills by you in the entire game.
 C = Kills by friends in this place as a percentage of kills by friends in the entire game.
 D = Other kills in this place as a percentage of other kills in the entire game.
 E = Experience gained in this place as a percentage of experience gained in the entire game.
 F = Experience gained in this place divided by the number of levels of this place that you have seen.
                   A       B       C       D       E      F
               +-------+-------+-------+-------+-------+----------------------
         Total | 100.0 | 100.0 | 100.0 | 100.0 | 100.0 | 3121.4
       Dungeon |  33.8 |  33.3 |  52.9 |  33.3 |  16.5 | 1123.5
          Lair |  38.8 |  39.3 |  17.6 |  33.3 |  62.9 | 5888.6
  Orcish Mines |  25.8 |  25.9 |  29.4 |   0.0 |  16.0 | 2997.0
       Volcano |   1.6 |   1.5 |   0.0 |  33.3 |   4.6 | 3459.0
               +-------+-------+-------+-------+-------+----------------------
